 Dungeon Crawl Stone Soup version 0.31-a0-237-g2d982f9f85 (webtiles) character file.

Game seed: 2518333697988723897

60 qw the Shooter (level 3, -1/29 HPs)
             Began as a Minotaur Hexslinger on July 10, 2023.
             Slain by Robin
             ... wielding a +1 spear of freezing
              (7 damage)
             ... on level 2 of the Dungeon.
             The game lasted 00:00:35 (1424 turns).

qw the Shooter (Minotaur Hexslinger)                Turns: 1424, Time: 00:00:36

Health: -1/29      AC:  5    Str: 12    XL:     3   Next: 80%
Magic:  3/3        EV: 11    Int: 10    God:
Gold:   59         SH:  0    Dex: 14    Spells: 3/4 levels left

rFire   . . .        Y - +1 sling
rCold   . . .        (no shield)
rNeg    . . .        b - +0 ring mail
rPois   .            (helmet restricted)
rElec   .            (no cloak)
rCorr   .            (no gloves)
SInv    .            (no boots)
Will    .....        (no amulet)
Stlth   +            (no ring)
HPRegen 0.24/turn    (no ring)
MPRegen 0.08/turn

%: no passive effects
@: no status effects
A: horns 2, retaliatory headbutt
a: no special abilities


You were on level 2 of the Dungeon.
You visited 1 branch of the dungeon, and saw 2 of its levels.

You collected 59 gold pieces.


Innate Abilities, Weirdness & Mutations

You have a pair of horns on your head.
You reflexively headbutt those who attack you in melee.


   Skills:
 - Level 2.0 Fighting
 + Level 4.1 Ranged Weapons
 - Level 1.1 Armour
 - Level 2.1 Dodging
 - Level 1.0 Spellcasting
 - Level 2.0 Hexes


You had 3 spell levels left.
You knew the following spells:

 Your Spells              Type           Power      Damage    Failure   Level
a - Slow                  Hex            16%        N/A       34%         1

Your spell library contained the following spells:

 Spells                   Type           Power      Damage    Failure   Level
 Inner Flame              Hex/Fire       2%         N/A       83%         3
 Portal Projectile        Hex/Tloc       4%         N/A       83%         3
 Cause Fear               Hex            2%         N/A       98%         4

Inventory:

Hand Weapons
 Y - a +1 sling (weapon)
Armour
 b - a +0 ring mail (worn)
Scrolls
 a - a scroll of identify
 c - a scroll of brand weapon {unknown}

Dungeon Overview and Level Annotations

Branches:
Dungeon (2/15)

Altars:

Annotations:
D:2 Robin, Terence


Message History

The goblin hits you with a +0 dagger.
You shoot a sling bullet.
The sling bullet closely misses the goblin.
Robin says, "A pitiful Minotaur like you will never find the ORB!"
The goblin barely misses you. The goblin closely misses you.
Terence the Incautious comes into view.
He is wielding a +0 mace.
The goblin hits you with a +0 dagger.
The hobgoblin hits you but does no damage.
The goblin hits you with a +0 dagger.
You shoot a sling bullet. The sling bullet hits the goblin.
You kill the goblin!
The goblin hits you with a +0 dagger. x2; The hobgoblin barely misses you.
You shoot a sling bullet. The sling bullet hits the goblin!
You kill the goblin!
Robin hits you but does no damage. The hobgoblin closely misses you.
The goblin barely misses you. The hobgoblin barely misses you.
You furiously retaliate!
You headbutt the hobgoblin!
You kill the hobgoblin!
You shoot a sling bullet.
The sling bullet hits the hobgoblin but does no damage.
Robin throws the goblin at you! The goblin closely misses you.
The hobgoblin misses you. Robin throws the goblin at you!
The goblin barely misses you. The hobgoblin barely misses you.
The goblin hits you but does no damage.
You shoot a sling bullet.
The sling bullet completely misses the goblin.
Robin hits you but does no damage.
The hobgoblin hits you but does no damage.
The goblin closely misses you. The goblin hits you but does no damage.
You shoot a sling bullet.
The sling bullet closely misses the goblin.
Robin hits you from afar with a +1 spear of freezing.
Robin freezes you. The hobgoblin closely misses you.
The hobgoblin hits you but does no damage.
The goblin hits you with a +0 dagger. The goblin hits you but does no damage.
You shoot a sling bullet.
The sling bullet closely misses the goblin.
The hobgoblin no longer looks unusually strong.
Robin hits you from afar with a +1 spear of freezing!
You die...

.. #.# ..
#.# . . #.#
.. #.# ...
#.# .. #.#
#g#####.#
...#.gggg..#
.....@g@####
#######)#
..# .### #.
#


You could see Terence, Robin, 3 hobgoblins and 2 goblins.

Vanquished Creatures
  An adder (D:2)
  A dart slug (D:1)
  3 endoplasms (D:1)
  4 giant cockroaches (D:1)
  6 goblins
  5 hobgoblins
  7 jackals (D:1)
  2 kobolds (D:1)
  2 quokkas (D:2)
  2 bats
  2 frilled lizards (D:1)
  9 rats (D:1)
44 creatures vanquished.

Notes
Turn   | Place    | Note
-------+----------+-------------------------------------------
     0 | D:1      | qw the Minotaur Hexslinger began the quest for the Orb.
     0 | D:1      | Reached XP level 1. HP: 16/16 MP: 1/1
     0 | D:1      | 0 ||| qw: Version: 0.3-a-52-g30416fa
     0 | D:1      | 0 ||| qw: Game counter: 5361
     0 | D:1      | 0 ||| qw: Melee chars always use a shield: true
     0 | D:1      | 0 ||| qw: God list: Okawaru
     0 | D:1      | 0 ||| qw: Allow faded altars: false
     0 | D:1      | 0 ||| qw: Do Orc after clearing Dungeon:15 true
     0 | D:1      | 0 ||| qw: Do second Lair branch before Depths: true
     0 | D:1      | 0 ||| qw: Lair rune preference: random
     0 | D:1      | 0 ||| qw: Goals: Normal
     0 | D:1      | 0 ||| PLANNING D:1-11
   213 | D:1      | 213 ||| READING scroll labelled XETSOUM EMAU.
   214 | D:1      | 214 ||| READING scroll labelled VYPSATTOTU.
   215 | D:1      | 215 ||| DROPPING scroll of poison.
   227 | D:1      | Reached skill level 3 in Ranged Weapons
   227 | D:1      | 227 ||| FLEEEEING.
   228 | D:1      | 228 ||| FLEEEEING.
   229 | D:1      | 229 ||| FLEEEEING.
   248 | D:1      | Reached XP level 2. HP: 23/23 MP: 2/2
   623 | D:1      | Reached XP level 3. HP: 29/29 MP: 3/3
  1185 | D:1      | 1185 ||| UPGRADING to +0 ring mail.
  1195 | D:1      | 1195 ||| DROPPING +0 robe.
  1196 | D:1      | 1196 ||| READING scroll labelled KIUTOTAUSU.
  1197 | D:1      | 1197 ||| DRINKING 2 lumpy brown potions.
  1236 | D:1      | 1236 ||| DROPPING potion of lignification.
  1280 | D:2      | Reached skill level 4 in Ranged Weapons
  1356 | D:2      | Reached skill level 1 in Armour
  1413 | D:2      | Noticed Robin
  1418 | D:2      | Noticed Terence
  1423 | D:2      | HP: 6/29 [goblin/+0 dagger[Robin] (4)]
  1424 | D:2      | Slain by Robin

Levels and vault maps discovered:
D:1:      dpeg_arrival_ratfight, layout_loops_corners, chequers_big_river
D:2:      layout_basic, uniq_robin, uniq_terence

Skill      XL: |  1  2  3 |
---------------+----------+-----
Ranged Weapons | 3 4 |  4.1
Fighting       | 2 |  2.0
Armour         | 1 |  1.1
Dodging        | |  2.1
Spellcasting   | |  1.0
Hexes          | |  2.0

Action                     || total
---------------------------++-------
   Fire: Sling             ||   138
    Use: Scroll            ||     3
         Potion            ||     1
 Armour: Robe              ||     6
         Ring mail         ||    15
  Dodge: Dodged            ||    55

Table legend:
 A = Non-vault XP
 B = Vault XP
 C = Vault XP percentage of total XP
 D = Non-vault monster count
 E = Vault monster count
 F = Vault count percentage of total count
                 A         B        C        D         E       F
            +---------+---------+-------+---------+---------+-------
      Total |      71 |      15 |  17.4 |      34 |      10 |  22.7
            +---------+---------+-------+---------+---------+-------
        D:1 |      53 |       5 |   8.6 |      30 |       5 |  14.3
        D:2 |      18 |      10 |  35.7 |       4 |       5 |  55.6
            +---------+---------+-------+---------+---------+-------
